 BcadrenCrawl: Boulder Brew version 0.04.2-15-ge27eb88979 (webtiles) character file.

Game seed: 6542218409412968151, levelgen mode: deterministic

5900 diana the Slicer (level 11, -4/69 HPs) Kobold Gladiator. Began on May 15, 2021. Was an Elder of Okawaru. Slain by a meliai ... wielding a +0 war axe of distortion (21 damage) ... on level 5 of the Dungeon. The game lasted 00:11:30 (4871 turns).

diana the Slicer (Kobold Gladiator)                 Turns: 4871, Time: 00:11:31

Health: -4/69      AC:  8    Str: 11    XL:     11 ^: 7020
Magic:  12/13      EV: 34    Int: 16    God:    Okawaru [4* [106]]
Gold:   255        SH:  0    Dex: 19    Spells: 10/10 levels left

rFire    . . .     Vision   .   E - +2 rapier (molten)
rCold    . . .     Gourm    .   u - +0 dagger (vamp)
rNeg     . . .     Faith    .   a - +0 steam dragon scales
rPois    .         Spirit   .   c - +0 helmet
rElec    +         Reflect  .   (no cloak)
rCorr    .         Harm     .   e - +0 pair of gloves
MR       .....                  (no boots)
Stlth    +++.......             t - amulet of magic regeneration
HPRegen  0.33/turn              h - ring of evasion
MPRegen  0.48/turn              z - ring "Ezuarik" {rElec Int+5 Slay+2}

@: lethally poisoned (-4 -> -25), heroism, studying Charms
A: small, carnivore
a: Heroism, Renounce Religion


You were on level 5 of the Dungeon.
You worshipped Okawaru.
Okawaru was greatly pleased with you.
You were very full.

You visited 1 branch of the dungeon, and saw 5 of its levels.

You collected 255 gold pieces.

Inventory:

Weapons
 u - a +0 vampiric dagger (weapon)
 v - a +0 short sword of caustic ooze
 y - a +3 katar of freezing
 E - a +2 rapier of molten steel (weapon)
Armour
 a - +0 steam dragon scales (worn)
 c - a +0 helmet (worn)
 e - a +0 pair of gloves (worn)
Jewellery
 h - a ring of evasion (left hand)
 t - an amulet of magic regeneration (around neck)
 z - the ring "Ezuarik" (right hand) {rElec Int+5 Slay+2}
   (You took it off an orc warrior on level 3 of the Dungeon)

   [ring of intelligence]

   It affects your intelligence (+5).
   It affects your accuracy and damage with ranged weapons and melee attacks
   (+2).
   It insulates you from electricity.
 C - an uncursed ring of wizardry
Wands
 d - a wand of ensnaring (9)
 B - a wand of iceblast (2)
Scrolls
 j - a scroll of magic mapping
 k - 2 scrolls of holy word
 l - 3 scrolls of fog
 m - a scroll of enchantment
 n - a scroll of summoning
 s - a scroll of acquirement
 w - 5 scrolls of teleportation
 A - a scroll of amnesia
Potions
 b - a potion of ambrosia
 g - 6 potions of brilliance
 i - 5 potions of curing
 o - 3 potions of might
 p - a potion of magic
 q - 2 potions of haste
 r - 5 potions of heal wounds
Comestibles
 f - 17 rations


   Skills:
 + Level 8.9(13.9) Fighting
 * Level 13.2(18.2) Short Blades
 + Level 10.1(15.1) Dodging
 + Level 2.9 Invocations
 - Level 2.1 Evocations


You had 10 spell levels left.
You didn't know any spells.
Your spell library was empty.

Dungeon Overview and Level Annotations

Branches:
Dungeon (5/8)              Temple (0/1) D:4            Lair (0/6) D:5

Altars:
Ashenzari
Fedhas Madash
Kikubaaqudgha
Makhleb
Okawaru
Wu Jian


Innate Abilities, Weirdness & Mutations

You are small and have problems with some larger weapons.
You are carnivorous and can eat meat at any time.


Message History

You hit the meliai (3). You burn the meliai (3).
You hit the meliai but do no damage.
The meliai is moderately wounded. (20/26) HP The meliai hits you with a +0 war axe of distortion (7)!
Space bends around you (4). The meliai stings you (12)!
You are poisoned.
The meliai poisons you (14)!
You gain the combat prowess of a mighty hero.
You feel sick. (1)
The meliai barely misses you (0). The meliai stings you (4).
* * * LOW HITPOINT WARNING * * *
You are lethally poisoned!
The meliai poisons you (22)!! The meliai completely misses you (0).
The meliai stings you but does no damage.
You hit the meliai but do no damage. x2
The meliai is moderately wounded. (20/26) HP
* * * LOW HITPOINT WARNING * * *
You feel sick. (1)
The meliai hits you with a +0 war axe of distortion (21)!!
You die...

#†# #..#
######.# ##..#
#..o...# #...#
#o###### #.#.#
#.# #[#.# #o#
#.#.# #o# #.#.#
#)########.#)##
#.........@...#
#o.#######y##.#
#..# #.# #
#.... #.#
#....:. #.#
##.####.##.# .#
.#.# .# ..# ..


You could see a meliai.

Vanquished Creatures
  A troll (D:5)
  A hippogriff (D:5)
  A steam dragon (D:5)
  A spriggan (D:3)
  Purgy (D:2)
  5 porcupines
  A water moccasin (D:5)
  A scorpion (D:5)
  3 orc warriors
  An ice beast (D:4)
  2 black bears (D:5)
  A sky beast (D:4)
  7 ogres
  A crocodile (D:5)
  4 big kobolds
  3 bullfrogs
  4 howler monkeys
  12 killer bees (D:5)
  A hornet zombie (D:5)
  3 crimson imps
  7 orc priests
  2 hounds
  5 jellies
  5 orc wizards
  A gnoll shaman (D:2)
  4 iguanas
  4 worker ants
  A wyvern zombie (D:4)
  2 wyvern skeletons
  6 giant cockroaches
  3 bullfrog zombies (D:4)
  A porcupine zombie (D:5)
  Robin (D:2)
  4 bullfrog skeletons
  3 gnolls (D:2)
  A shadow imp (D:3)
  7 adders
  53 sewer rats
  6 worms (D:2)
  6 cinder newts
  A hound zombie (D:5)
  A hound skeleton (D:5)
  An ooze (D:3)
  2 dart slugs (D:1)
  4 leopard geckos
  20 orcs
  An adder skeleton (D:5)
  A cinder newt skeleton (D:2)
  10 goblins
  10 hobgoblins
  9 jackals
  13 kobolds
  2 quokkas (D:3)
  2 ball pythons
  9 bats
  2 bat skeletons (D:2)
  A leopard gecko skeleton (D:2)
  A quokka skeleton (D:3)
  A rat skeleton (D:2)
  9 withered plants (D:2)
276 creatures vanquished.

Vanquished Creatures (others)
  A worm (D:2)
  4 kobolds (D:2)
  A giant blowfly (D:2)
  A slimehead (D:2)
  108 withered plants (D:2)
115 creatures vanquished.

Grand Total: 391 creatures vanquished

Notes
Turn   | Place    | Note
-------+----------+-------------------------------------------
     0 | D:1      | diana the Kobold Gladiator began the quest for the Orb.
     0 | D:1      | Reached XP level 1. HP: 12/12 MP: 2/2
    75 | D:1      | Reached XP level 2. HP: 18/18 MP: 3/3
    79 | D:1      | Reached skill level 4 in Short Blades
   147 | D:1      | Reached XP level 3. HP: 22/22 MP: 4/4
   291 | D:1      | Reached XP level 4. HP: 28/28 MP: 5/5
   537 | D:1      | Reached skill level 5 in Short Blades
   615 | D:2      | Connectivity tunneler affected sewer_minmay_treatment.
   615 | D:2      | Identified a scroll of acquirement
   642 | D:1      | Reached XP level 5. HP: 25/32 MP: 6/6
   724 | D:2      | Found an ancient bone altar of Kikubaaqudgha.
   724 | D:2      | Found a burning altar of Makhleb.
   729 | D:2      | Reached skill level 6 in Short Blades
   729 | D:2      | Reached skill level 5 in Dodging
   729 | D:2      | Reached XP level 6. HP: 35/38 MP: 7/7
   741 | D:2      | Found a shattered altar of Ashenzari.
   863 | D:2      | Noticed Purgy
   870 | D:2      | Killed Purgy
   870 | D:2      | Reached XP level 7. HP: 43/43 MP: 8/8
   939 | D:2      | Reached skill level 7 in Short Blades
  1010 | D:2      | Identified the cursed ring of Rouciojais {rElec MP+9 EV+5
                  | +Vis, (Curse: *Drain Fragile)}
  1118 | D:2      | Reached XP level 8. HP: 34/48 MP: 9/9
  1130 | D:2      | Reached skill level 5 in Fighting
  1135 | D:2      | Reached skill level 8 in Short Blades
  2043 | D:2      | Noticed Robin
  2054 | D:2      | Killed Robin
  2063 | D:2      | Reached skill level 9 in Short Blades
  2429 | D:3      | Found an iron altar of Okawaru.
  2481 | D:3      | Became a worshipper of Warmaster Okawaru
  2565 | D:3      | Reached XP level 9. HP: 55/55 MP: 10/10
  2712 | D:3      | Reached skill level 10 in Short Blades
  3092 | D:4      | Found a staircase to the Ecumenical Temple.
  3119 | D:4      | Received a gift from Okawaru
  3134 | D:4      | Reached * piety under Okawaru
  3283 | D:4      | Identified the cursed ring "Ezuarik" {rElec Int+5 Slay+2,
                  | (Curse: *Drain MR-)}
  3548 | D:4      | Reached skill level 11 in Short Blades
  3633 | D:4      | Reached ** piety under Okawaru
  3696 | D:3      | Reached XP level 10. HP: 57/63 MP: 11/11
  3723 | D:4      | Received a gift from Okawaru
  3902 | D:4      | Found a blossoming altar of Fedhas.
  3955 | D:4      | Found an ornate altar of the Wu Jian Council.
  4114 | D:4      | Reached skill level 12 in Short Blades
  4319 | D:5      | Entered Level 5 of the Dungeon
  4319 | D:5      | Identified the cursed ring of Apopom {*Tele rC+ rN+,
                  | (Curse: *Corrode Fragile rF-)}
  4365 | D:5      | Reached *** piety under Okawaru
  4506 | D:5      | Found a staircase to the Lair.
  4533 | D:5      | Reached skill level 1 in Invocations
  4553 | D:5      | Received a gift from Okawaru
  4635 | D:5      | Identified the cursed ring "Wiogib" {*Tele *Corrode +Inv
                  | rC+++ Int-2 Dex+3, (Curse: Fragile Slay-6)}
  4708 | D:5      | Reached skill level 13 in Short Blades
  4781 | D:5      | Reached **** piety under Okawaru
  4795 | D:5      | Reached XP level 11. HP: 60/69 MP: 12/12
  4809 | D:5      | Reached skill level 10 in Dodging
  4871 | D:5      | Slain by a meliai

Levels and vault maps discovered:
D:1:      ebering_trefoil_3fold, layout_cave_pools,
          chequers_serial_rivers_room_b, minmay_heptomino_l4
D:2:      layout_sewer, chequers_temple_overflow_statue_of_worship,
          sewer_minmay_treatment, first_ration, uniq_robin, uniq_purgy
D:3:      layout_loops_ring, lemuel_crystal_altar
D:4:      layout_gridville, kennysheep_little_box,
          minmay_temple_entry_antechambers, basic_altar, the_bakery
D:5:      layout_loops_ring, lemuel_coloured_pillars_altar, lair_entry_dummy,
          uniq_snorg

Skill      XL: |  1  2  3  4  5  6  7  8  9 10 11 |
---------------+----------------------------------+-----
Short Blades   | 4 5 6 7 9 11 13 | 13.2
Dodging        | 4 5 6 7 8 9 10 | 10.1
Fighting       | 3 4 6 7 8 |  8.9
Invocations    | 2 |  2.9
Evocations     | |  2.1

Action                   |  1- 3 |  4- 6 |  7- 9 | 10-12 || total
-------------------------+-------+-------+-------+-------++-------
Melee: Rapier            |    37 |    95 |   358 |   171 ||   661
       Unarmed           |    14 |    44 |       |       ||    58
       Dagger            |       |    27 |   236 |   118 ||   381
Invok: Heroism           |       |       |     1 |     2 ||     3
  Use: Potion            |       |       |     3 |       ||     3
       Scroll            |       |       |     1 |     1 ||     2
 Stab: Sleeping          |       |       |     4 |     1 ||     5
       Distracted        |       |       |     1 |     1 ||     2
  Eat: Chunk             |       |       |    22 |     6 ||    28
Armor: Leather armour    |     4 |    10 |    25 |     9 ||    48
       Steam dragon scal |       |       |       |     5 ||     5
Dodge: Dodged            |    24 |   185 |   337 |   145 ||   691
